 Dungeon Crawl Stone Soup version 0.28-a0-556-gab23d0e057 (webtiles) character file.

Game seed: 336005973756398806

73 robertstho the Magician (level 4, -2/32 HPs)
             Began as a Djinni Fire Elementalist on Sept 28, 2021.
             Slain by Grinder (6 damage)
             ... on level 4 of the Dungeon.
             The game lasted 00:03:48 (4282 turns).

robertstho the Magician (Djinni Fire Elementalist)  Turns: 4282, Time: 00:03:49

Health: -2/32      AC:  3    Str:  7    XL:     4   Next: 51%
Gold:   114        EV: 12    Int: 18    God:
                   SH:  0    Dex: 13

rFire   + + .      SeeInvis .   e - +0 short sword
rCold   . . .      Faith    .   (no shield)
rNeg    . . .      Spirit   .   a - +0 robe
rPois   ∞          Reflect  .   (no helmet)
rElec   .          Harm     .   p - +0 cloak
rCorr   .          Rampage  .   (no gloves)
Will    .....                   (boots unavailable)
Stlth   ++........              (no amulet)
HPRegen 0.10/turn               d - ring of protection from cold
MPRegen 0.00/turn               (no ring)

@: flying, very slightly contaminated
A: sickness immunity, fire resistance 2, cold vulnerability 1, float, innate
caster, hp casting, extra vitality 1
a: no special abilities


You were on level 4 of the Dungeon.
You visited 1 branch of the dungeon, and saw 4 of its levels.

You collected 114 gold pieces.

Inventory:

Hand Weapons
 e - a +0 short sword (weapon)
Armour
 a - a +0 robe (worn)
 m - a +0 kite shield
 p - a +0 cloak (worn)
Jewellery
 d - a ring of protection from cold (left hand)
Scrolls
 b - 3 scrolls of fear {unknown}
 c - a scroll of immolation {unknown}
 f - 2 scrolls of amnesia {unknown}
 k - a scroll of identify {unknown}
 l - a scroll of enchant weapon {unknown}
 q - a scroll of noise {unknown}
 r - a scroll of magic mapping {unknown}
 s - a scroll of vulnerability {unknown}
Potions
 g - a potion of lignification {unknown}
 h - a potion of attraction {unknown}
 i - a potion of heal wounds {unknown}
 j - a potion of curing {unknown}
 n - a potion of brilliance {unknown}
 o - a potion of haste {unknown}


   Skills:
 * Level 1.1 Fighting
 + Level 2.4 Dodging
 + Level 1.6 Stealth
 * Level 3.5 Spellcasting


You couldn't memorise any spells.
You knew the following spells:

 Your Spells              Type           Power      Damage    Failure   Level
a - Foxfire               Conj/Fire      64%        2x1d7     3%          1
b - Scorch                Fire           32%        2d6       5%          2
c - Conjure Flame         Conj/Fire      16%        6-21      11%         3
d - Inner Flame           Hex/Fire       16%        N/A       11%         3
e - Flame Wave            Conj/Fire      16%        3d5       34%         4
f - Shock                 Conj/Air       64%        1d7       3%          1
Your spell library was empty.

Dungeon Overview and Level Annotations

Branches:
Dungeon (4/15)
 Temple: D:4-7

Altars:

Shops:
D:1 =?(

Annotations:
D:4 Grinder


Innate Abilities, Weirdness & Mutations

You are immune to sickness and miasma.
You are immune to poison.
Your flesh is very heat resistant. (rF++)
You are vulnerable to cold. (rC-)
You float through the air rather than walking.
You learn spells naturally, not from books.
Your magical power is your life essence.
You have superior vitality. (+4 HP)


Message History

Grinder is nearby!
Grinder is nearby!
Casting: Foxfire (safe; 3% risk of failure)
Confirm with . or Enter, or press ? or * to list all spells.
Flames lash Grinder.
Grinder is lightly wounded.
Grinder's fire resistance burns away.
Casting: Scorch (safe; 5% risk of failure)
Confirm with . or Enter, or press ? or * to list all spells.
Flames lash Grinder.
Grinder is burned terribly!
Grinder is moderately wounded.
Casting: Scorch (safe; 5% risk of failure)
Confirm with . or Enter, or press ? or * to list all spells.
Flames lash Grinder.
Grinder is burned terribly!
Grinder is heavily wounded.
You hear a shout!
Grinder completely misses you.
Casting: Scorch (safe; 5% risk of failure)
Confirm with . or Enter, or press ? or * to list all spells.
Flames lash Grinder.
Grinder is burned terribly!
Grinder is heavily wounded.
Grinder hits you.
You writhe in agony.
Casting: Scorch (safe; 5% risk of failure)
Confirm with . or Enter, or press ? or * to list all spells.
You miscast Scorch.
You are very lightly contaminated with residual magic.
Nothing appears to happen.
Grinder is no longer more vulnerable to fire.
Grinder hits you.
* * * LOW HITPOINT WARNING * * *
You writhe in agony.
* * * LOW HITPOINT WARNING * * *
Casting: Scorch (safe; 5% risk of failure)
Confirm with . or Enter, or press ? or * to list all spells.
Flames lash Grinder.
Grinder is severely wounded.
Grinder's fire resistance burns away.
* * * LOW HITPOINT WARNING * * *
Grinder hits you.
You die...

#. ###. . #..< ..
#.## ... #... ...
###.#. .. #.....
#.#############.#.##
#..@................
#.5######........###
#... ######......
##.. #...... #..
...........## ...
#............ ....
#>######...## ....
...... ###.##


You could see Grinder (combustible).

Vanquished Creatures
  2 adders (D:2)
  A worm (D:2)
  2 orcs (D:3)
  5 bats
  5 endoplasms
  4 giant cockroaches
  5 goblins
  3 hobgoblins
  4 quokkas
  4 ball pythons (D:1)
  7 kobolds
  5 rats
47 creatures vanquished.

Vanquished Creatures (others)
  217 foxfires
217 creatures vanquished.

Grand Total: 264 creatures vanquished

Notes
Turn   | Place    | Note
-------+----------+-------------------------------------------
     0 | D:1      | robertstho the Djinni Fire Elementalist began the quest for
                  | the Orb.
     0 | D:1      | Reached XP level 1. HP: 15/15 MP: 0/0
     4 | D:1      | Found Lolic's Jewellery Shop.
   367 | D:1      | Reached XP level 2. HP: 18/22 MP: 0/0
   686 | D:1      | Found Jagown's Magic Scroll Emporium.
   804 | D:1      | Found Ofouzo's Weapon Shop.
  1293 | D:2      | Reached XP level 3. HP: 21/26 MP: 0/0
  1293 | D:2      | Learned a level 1 spell: Shock
  1368 | D:2      | Reached skill level 3 in Spellcasting
  1927 | D:2      | Reached XP level 4. HP: 10/31 MP: 0/0
  2179 | D:2      | Found a faded altar of an unknown god.
  2340 | D:2      | Reached skill level 1 in Fighting
  4276 | D:4      | Noticed Grinder
  4282 | D:4      | Slain by Grinder

Illustrated notes

Levels and vault maps discovered:
D:1:      amcnicky_arrival_single_pillar, layout_basic, serial_shops,
          shop_fountains, shop_fountains, nicolae_shop_crystal,
          minmay_crystal_water, chequers_arboretum
D:2:      layout_basic, basic_ecumenical_altar, solitary_fountain
D:3:      layout_basic, minmay_misc_feat_tiny, minmay_puff
D:4:      layout_basic, kennysheep_mini_moat, uniq_menkaure, uniq_grinder,
          uniq_duvessa

Skill      XL: |  1  2  3  4 |
---------------+-------------+-----
Spellcasting   | 3 |  3.5
Fighting       | 1 |  1.1
Dodging        | |  2.4
Stealth        | |  1.6

Action                   |  1- 3 |  4- 6 || total
-------------------------+-------+-------++-------
 Cast: Foxfire           |    75 |    50 ||   125
       Scorch            |       |     6 ||     6
Armor: Robe              |     2 |     1 ||     3
Dodge: Dodged            |     5 |     8 ||    13
Block: Kite shield       |     5 |       ||     5

Table legend: (Time is in decaauts)
 A = Elapsed time spent in this place.
 B = Non-inter-level travel time spent in this place.
 C = Inter-level travel time spent in this place.
 D = Time resting spent in this place.
 E = Time spent auto-exploring this place.
 F = Levels seen in this place.
 G = Mean time per level.
                   A        B        C        D        E       F      G
               +--------+--------+--------+--------+--------+-----+--------+
         Total |   4280 |   4185 |     95 |      0 |   3812 |   4 | 1070.0 |
       Dungeon |   4280 |   4185 |     95 |      0 |   3812 |   4 | 1070.0 |
               +--------+--------+--------+--------+--------+-----+--------+

Top non-repeatable levels by time:
     D:2: 1676 daAuts
     D:3: 1362 daAuts
     D:1: 1211 daAuts
     D:4: 29 daAuts
